Map: Акрополь РВ

Players

Murena - Winner!

  • Race: Zerg Zerg
  • Spawn Location: 11:00

ИИ 1 (новичок)

  • Race: Terran Terran
  • Spawn Location: 5:00

VOD

Have the link to the VOD?

Description

Time

  • Played on: Aug. 16, 2019, 5:51 a.m.
  • Length: 6:51
Show
View Real Time Build Order
Export as new Build Order

Murena Zerg - Winner!

Build Orders: Hatch First 

Get SALT Encoding   

  12  0:01  Drone  
  13  0:12  Drone  
  14  0:20  Overlord  
  14  0:46  Hatchery  
  13  0:58  Evolution Chamber  
  13  1:04  Spawning Pool  
  13  1:07  Extractor, Drone  
  13  1:09  Drone  
  13  1:24  Drone x2  
  16  1:32  Drone  
  16  1:44  Drone  
  17  1:52  Queen  
  19  1:55  Zergling x2  
  20  2:03  Zergling x2  
  20  2:08  Overlord  
  21  2:19  Metabolic Boost  
  21  2:22  Drone x3  
  24  2:28  Extractor  
  23  2:36  Queen  
  25  2:42  Drone x3  
  28  2:46  Drone  
  28  2:49  Drone  
  30  3:00  Drone x2  
  30  3:03  Drone x2  
  34  3:19  Zergling x2  
  35  3:20  Drone  
  36  3:32  Overlord  
  36  3:46  Hatchery  
  35  3:49  Queen  
  35  3:52  Zergling x6  
  40  4:00  Roach Warren  
  39  4:04  Drone x2  
  39  4:05  Drone x3  
  39  4:09  Overlord  
  44  4:24  Overlord  
  44  4:25  Overlord  
  44  4:36  Drone x3  
  44  4:37  Drone  
  48  4:42  Queen  
  50  4:47  Roach x2  
  50  4:48  Roach  
  50  4:49  Lair  
  56  5:03  Roach  
  56  5:04  Roach x4  
  56  5:06  Roach  
  68  5:20  Roach x3  
  74  5:24  Overlord x3  
  74  5:49  Overseer  
  74  5:53  Drone x5  
  74  5:54  Drone x5  
Show
View Real Time Build Order
Export as new Build Order

ИИ 1 (новичок) Terran 

Build Orders:  

Get SALT Encoding   

  12  0:00  SCV  
  13  0:13  SCV  
  14  0:17  Supply Depot  
  14  0:37  Refinery  
  14  0:42  Barracks  
  14  1:05  Supply Depot  
  14  1:12  Refinery  
  14  1:29  SCV  
  14  1:30  Marine  
  16  1:41  SCV  
  17  1:53  SCV  
  18  2:03  Marine  
  18  2:05  SCV  
  20  2:17  SCV  
  21  2:29  SCV  
  22  2:37  Marine  
  22  2:41  Orbital Command  
  23  4:17  SCV  
  23  5:48  SCV  
  23  5:52  Marine  
  23  5:54  Factory  
  24  5:57  Supply Depot  
  24  6:00  SCV  
  22  6:12  SCV  
  22  6:24  SCV  
  21  6:25  Marine  
  21  6:27  Supply Depot  
  19  6:36  SCV  
  16  6:45  Barracks Tech Lab  
Tags
 
Add a new tag
Caveats
  • Supply blocks, unpowered buildings, or Contaminate may cause inaccurate times.
  • Supply counts are checked every 10 seconds.